 Dungeon Crawl Stone Soup version 0.28-a0-1406-ga8dd43b1d0 (webtiles) character file.

Game seed: 9327111799319919196

40 IndexError the Caller (level 3, -1/25 HPs)
             Began as a Gnoll Summoner on Jan 6, 2022.
             Slain by Sigmund (6 damage)
             ... on level 2 of the Dungeon.
             The game lasted 00:01:58 (1076 turns).

IndexError the Caller (Gnoll Summoner)              Turns: 1076, Time: 00:01:58

Health: -1/25      AC:  2    Str:  7    XL:     3   Next: 50%
Magic:  2/9        EV: 13    Int: 16    God:
Gold:   13         SH:  0    Dex: 12    Spells: 3/12 levels left

rFire   . . .      SeeInvis .   b - +5 trident (flame)
rCold   . . .      Faith    .   (no shield)
rNeg    . . .      Spirit   .   a - +0 robe
rPois   .          Reflect  .   (no helmet)
rElec   .          Harm     .   (no cloak)
rCorr   .          Rampage  .   (no gloves)
Will    .....                   (no boots)
Stlth   +.........              (no amulet)
HPRegen 0.08/turn               (no ring)
MPRegen 0.11/turn               (no ring)

@: confused, lethally poisoned (-1 -> -16)
A: fangs 1, strong nose, distributed training
a: no special abilities


You were on level 2 of the Dungeon.
You visited 1 branch of the dungeon, and saw 2 of its levels.

You collected 13 gold pieces.

Inventory:

Hand Weapons
 b - a +5 trident of flaming (weapon)
   (You took it off Terence on level 2 of the Dungeon)
Armour
 a - a +0 robe (worn)
Potions
 c - a potion of lignification {unknown}
 d - 2 potions of haste {unknown}


   Skills:
 + Level 0.8 Fighting
 + Level 0.8 Short Blades
 + Level 0.8 Long Blades
 + Level 0.8 Axes
 + Level 0.8 Maces & Flails
 + Level 0.8 Polearms
 + Level 0.8 Staves
 + Level 0.8 Slings
 + Level 0.8 Bows
 + Level 0.8 Crossbows
 + Level 0.8 Throwing
 + Level 0.8 Armour
 + Level 4.5 Dodging
 + Level 4.1 Stealth
 + Level 0.8 Shields
 + Level 0.8 Unarmed Combat
 + Level 5.0 Spellcasting
 + Level 0.5 Conjurations
 + Level 0.5 Hexes
 + Level 7.1 Summonings
 + Level 0.5 Necromancy
 + Level 0.5 Translocations
 + Level 0.5 Transmutations
 + Level 0.5 Fire Magic
 + Level 0.5 Ice Magic
 + Level 0.5 Air Magic
 + Level 0.5 Earth Magic
 + Level 0.5 Poison Magic
 + Level 1.0 Invocations
 + Level 0.8 Evocations


You had 3 spell levels left.
You knew the following spells:

 Your Spells              Type           Power      Damage    Failure   Level
a - Summon Small Mammal   Summ           100%       N/A       1%          1
b - Call Canine Familiar  Summ           26%        N/A       2%          3
c - Call Imp              Summ           26%        N/A       1%          2
d - Summon Guardian Gole  Hex/Summ       16%        N/A       10%         3

Your spell library contained the following spells:

 Spells                   Type           Power      Damage    Failure   Level
 Summon Lightning Spire   Summ/Air       16%        N/A       30%         4


Dungeon Overview and Level Annotations

Branches:
Dungeon (2/15)

Altars:

Annotations:
D:2 Sigmund


Innate Abilities, Weirdness & Mutations

You have very sharp teeth.
Your uncanny sense of smell can sniff out nearby items.
Your experience applies equally to all skills.


Message History

Terence hits your quokka with a +5 trident of flaming.
Terence burns your quokka.
Your quokka's corpse disappears in a puff of smoke!
Your quokka bites Terence.
Terence misses your quokka.
Your quokka bites Terence.
Terence barely misses your quokka.
Your quokka bites Terence but does no damage.
Terence misses your quokka.
Your quokka bites Terence but does no damage.
Your quokka bites Terence.
Terence closely misses your quokka.
Your quokka completely misses Terence.
Terence hits your quokka with a +5 trident of flaming!
Terence burns your quokka.
Your quokka's corpse disappears in a puff of smoke!
You strike the helpless Terence from behind!
You puncture Terence!
Your Spellcasting skill increases to level 5!
Your Invocations skill increases to level 1!
You have reached level 3!
Your experience leads to an increase in your attributes!
Increase (s)trength, (i)ntelligence, or (d)exterity?
You feel clever. x2
Health restored: 25
Things that are here:
a +5 trident of flaming; a +0 ring mail; the human corpse of Terence MP restored: 9
b - a +5 trident of flaming Your +5 trident of flaming bursts into flame!
b - a +5 trident of flaming (weapon)
Drop what? 4/52 slots (_ for help) (? for menu, Esc to quit)
You drop a +0 dagger.
d - 2 smoky emerald potions Memorise Call Imp, consuming 2 spell levels and leaving 9?
You start memorising the spell.
You continue memorising. x2
You finish memorising.
Spell assigned to 'c'.
This spell is dangerous to cast!
Memorise Call Canine Familiar, consuming 3 spell levels and leaving 6?
You start memorising the spell.
You continue memorising. x3
You finish memorising.
Spell assigned to 'b'.
This spell is quite dangerous to cast!
Memorise Summon Guardian Golem, consuming 3 spell levels and leaving 3?
You start memorising the spell.
You continue memorising. x3
You finish memorising.
Spell assigned to 'd'.
A ball python comes into view.
You reach to attack!
The helpless ball python fails to defend itself.
You puncture the ball python! You burn the ball python.
No target in view!
Sigmund the Dreaded comes into view.
He is wielding a +4 scythe of venom and wearing a +2 robe of fire resistance.
Sigmund shouts!
Sigmund is nearby!
Casting: Summon Small Mammal (safe; 1% risk of failure)
Confirm with . or Enter, or press ? or * to list all spells.
You now have 6/9 mp.
Casting: Call Canine Familiar (dangerous; 2% risk of failure)
Confirm with . or Enter, or press ? or * to list all spells.
A beastly little devil appears in a puff of flame.
You now have 4/9 mp.
Casting: Call Imp (safe; 1% risk of failure)
Confirm with . or Enter, or press ? or * to list all spells.
Sigmund points at you and mumbles some strange words.
Your hound resists with significant effort.
You now have 3/9 mp.
You swap places.
Sigmund screams, "Die, monster!"
Sigmund mumbles some strange words.
Sigmund flickers and vanishes!
Deactivating autopickup; reactivate with Ctrl-A.
Something hits your crimson imp.
Your hound bites something but does no damage.
Your hound barely misses something.
Something closely misses your hound.
Your hound bites something.
Your crimson imp blinks!
Your hound bites something but does no damage.
Something hits your hound!
Your hound looks as sick as possible!
Your bat hits something but does no damage.
Your hound bites something.
A magic dart appears from out of thin air!
The magic dart hits your bat!
Your bat's corpse disappears in a puff of smoke!
Your hound's corpse disappears in a puff of smoke!
Casting: Summon Small Mammal (safe; 1% risk of failure)
Confirm with . or Enter, or press ? or * to list all spells.
You hear some strange, mumbled words.
You are confused.
You now have 1/9 mp.
You bump into the rock wall.
Something hits you!
Ouch! That really hurt!
You are lethally poisoned!
You take 15 damage, and have 10/25 hp.
MASSIVE DAMAGE!!
Are you sure you want to stumble around while confused and next to your hound? [Y]es or [N]o only, please.
Are you sure you want to stumble around while confused and next to your hound?
Okay, then.
Are you sure you want to stumble around while confused and next to your hound?
You bump into the rock wall.
* * * LOW HITPOINT WARNING * * *
You feel very sick. Something hits you.
You die...

∆ ∆ ########
#.5....# #.####.#
.....$.....#@#
#######....#h#
#...# #....#.#
#####...###....#.#
....'..>†......#.#
#####...##.....#.#
#...##.....#.#
#...##)....#.#
######.....#.#


You could see a friendly hound (summoned).

Vanquished Creatures
  Terence (D:2)
  A worm (D:2)
  A dart slug (D:2)
  A ball python (D:2)
  A bat (D:2)
5 creatures vanquished.

Vanquished Creatures (collateral kills)
  2 endoplasms (D:2)
  A giant cockroach (D:2)
  4 jackals (D:2)
7 creatures vanquished.

Grand Total: 12 creatures vanquished

Notes
Turn   | Place    | Note
-------+----------+-------------------------------------------
     0 | D:1      | IndexError the Gnoll Summoner began the quest for the Orb.
     0 | D:1      | Reached XP level 1. HP: 13/13 MP: 6/6
     3 | D:1      | You fall into a shaft and drop 1 floor!
   333 | D:2      | Reached XP level 2. HP: 20/20 MP: 4/7
   501 | D:2      | Found a faded altar of an unknown god.
   904 | D:2      | Noticed Terence
   953 | D:2      | Killed Terence
   954 | D:2      | Reached skill level 5 in Spellcasting
   954 | D:2      | Reached skill level 1 in Invocations
   954 | D:2      | Reached XP level 3. HP: 25/25 MP: 3/9
  1019 | D:2      | Learned a level 2 spell: Call Imp
  1023 | D:2      | Learned a level 3 spell: Call Canine Familiar
  1027 | D:2      | Learned a level 3 spell: Summon Guardian Golem
  1058 | D:2      | Noticed Sigmund
  1076 | D:2      | HP: 5/25 [poisoned by Sigmund]
  1076 | D:2      | Slain by Sigmund

Illustrated notes

Levels and vault maps discovered:
D:1:      scummos_arrival_checkerplants, layout_rooms
D:2:      layout_basic, shapermc_ecumenical_altar_totnotflames, kennysheep_nub,
          uniq_sigmund, uniq_terence

Skill      XL: |  1  2 |
---------------+-------+-----
Spellcasting   | 5 |  5.0
Invocations    | 1 |  1.0
Fighting       | |  0.8
Short Blades   | |  0.8
Long Blades    | |  0.8
Axes           | |  0.8
Maces & Flails | |  0.8
Polearms       | |  0.8
Staves         | |  0.8
Slings         | |  0.8
Bows           | |  0.8
Crossbows      | |  0.8
Throwing       | |  0.8
Armour         | |  0.8
Dodging        | |  4.5
Stealth        | |  4.1
Shields        | |  0.8
Unarmed Combat | |  0.8
Conjurations   | |  0.5
Hexes          | |  0.5
Summonings     | |  7.1
Necromancy     | |  0.5
Translocations | |  0.5
Transmutations | |  0.5
Fire Magic     | |  0.5
Ice Magic      | |  0.5
Air Magic      | |  0.5
Earth Magic    | |  0.5
Poison Magic   | |  0.5
Evocations     | |  0.8

Action                   || total
-------------------------++-------
Melee: War axe           ||     6
       Dagger            ||     9
       Bite              ||     1
       Trident           ||     1
 Cast: Summon Small Mamm ||    20
       Call Canine Famil ||     2
       Call Imp          ||     1
 Stab: Sleeping          ||     4
       Distracted        ||     1
Armor: Robe              ||     3
Dodge: Dodged            ||    13

Table legend: (Time is in decaauts)
 A = Elapsed time spent in this place.
 B = Non-inter-level travel time spent in this place.
 C = Inter-level travel time spent in this place.
 D = Time resting spent in this place.
 E = Time spent auto-exploring this place.
 F = Levels seen in this place.
 G = Mean time per level.
                   A        B        C        D        E       F      G
               +--------+--------+--------+--------+--------+-----+--------+
         Total |   1077 |   1056 |     21 |      0 |    872 |   2 |  538.5 |
       Dungeon |   1077 |   1056 |     21 |      0 |    872 |   2 |  538.5 |
               +--------+--------+--------+--------+--------+-----+--------+

Top non-repeatable levels by time:
     D:2: 1074 daAuts
     D:1: 3 daAuts

Table legend:
 A = Kills in this place as a percentage of kills in entire the game.
 B = Kills by you in this place as a percentage of kills by you in the entire game.
 C = Kills by friends in this place as a percentage of kills by friends in the entire game.
 D = Other kills in this place as a percentage of other kills in the entire game.
 E = Experience gained in this place as a percentage of experience gained in the entire game.
 F = Experience gained in this place divided by the number of levels of this place that you have seen.
                   A       B       C       D       E      F
               +-------+-------+-------+-------+-------+----------------------
         Total | 100.0 | 100.0 | 100.0 |   N/A | 100.0 |  29.0
       Dungeon | 100.0 | 100.0 | 100.0 |   N/A | 100.0 |  29.0
               +-------+-------+-------+-------+-------+----------------------
